 Dungeon Crawl Stone Soup version 0.27.1-34-g3ba077fa99 (webtiles) character file.

Game seed: 4798809598553077886

36 Boytjie the Skirmisher (level 3, -2/33 HPs)
             Began as a Hill Orc Fighter on Jan 2, 2022.
             Slain by Grinder (4 damage)
             ... while paralysed by Grinder
             ... on level 3 of the Dungeon.
             The game lasted 00:16:27 (2635 turns).

Boytjie the Skirmisher (Hill Orc Fighter)           Turns: 2635, Time: 00:16:27

Health: -2/33      AC:  7    Str: 19    XL:     3   Next: 37%
Magic:  3/3        EV:  2    Int: 14    God:
Gold:   131        SH:  0    Dex: 10    Spells: 2/2 levels left

rFire    . . .     SeeInvis .   a - +0 war axe
rCold    . . .     Faith    .   c - +0 kite shield
rNeg     . . .     Spirit   .   b - +0 scale mail
rPois    .         Reflect  .   (no helmet)
rElec    .         Harm     .   (no cloak)
rCorr    .         Rampage  .   (no gloves)
Will     .....                  (no boots)
Stlth    ..........             (no amulet)
HPRegen  0.11/turn              l - +6 ring of intelligence
MPRegen  0.08/turn              (no ring)

@: paralysed
A: no striking features
a: no special abilities


You were on level 3 of the Dungeon.
You visited 1 branch of the dungeon, and saw 3 of its levels.

You collected 131 gold pieces.

Inventory:

Hand Weapons
 a - a +0 war axe (weapon)
Armour
 b - a +0 scale mail (worn)
 c - a +0 kite shield (worn)
 e - a +0 scale mail
Jewellery
 l - a +6 ring of intelligence (left hand)
Scrolls
 f - a scroll of identify {unknown}
 h - 2 scrolls of enchant armour {unknown}
 i - a scroll of amnesia {unknown}
 k - 4 scrolls of teleportation {unknown}
 m - a scroll of immolation {unknown}
 n - a scroll of holy word {unknown}
Potions
 d - a potion of might
 g - a potion of flight {unknown}
 j - a potion of haste {unknown}


   Skills:
 + Level 4.0 Fighting
 + Level 3.0 Axes
 + Level 3.7 Armour
 + Level 4.0 Shields


You had 2 spell levels left.
You didn't know any spells.
Your spell library contained the following spells:

 Spells                   Type           Power      Damage    Failure   Level
 Slow                     Hex            0%         N/A       99%         2
 Confusing Touch          Hex            0%         N/A       100%        3
 Yara's Violent Unravell  Hex/Tmut       0%         3d3       100%        5


Dungeon Overview and Level Annotations

Branches:
Dungeon (3/15)

Altars:
Xom

Annotations:
D:3 Grinder


Message History

Found a short sword.
You see here a +0 short sword.
Grinder comes into view.
Grinder shouts!
Found a ruby potion.
You closely miss Grinder. You block Grinder's attack.
You slash Grinder!
Grinder is moderately wounded.
Grinder blinks!
Press: ? - help, v - describe, . - travel
Here: Grinder (moderately wounded)
The floor.
You slash Grinder!
Grinder is heavily wounded.
Grinder hits you. Grinder barely misses you.
You hit Grinder.
Grinder is severely wounded.
Grinder gestures at you.
You suddenly lose the ability to move!
Grinder hits you!
You writhe in agony.
Grinder hits you but does no damage. Grinder hits you.
You can move again.
You hit Grinder.
Grinder is severely wounded.
Grinder hits you but does no damage.
Grinder blinks!
Grinder hits you.
You writhe in agony.
You closely miss Grinder.
Grinder is severely wounded.
Grinder gestures at you.
You suddenly lose the ability to move!
Grinder hits you.
* * * LOW HITPOINT WARNING * * *
You writhe in agony.
* * * LOW HITPOINT WARNING * * *
Grinder says, "Mostly I couldn't keep them alive."
Grinder hits you.
* * * LOW HITPOINT WARNING * * *
You writhe in agony.
You die...

#.##. #.##. #.##.
######### #....
#.......# #....
####.#####.# #.##.
##.##.#####.# #.##.
#..5.....##.###)###
##@##.##........###
#...#.......###....
#......#.########.....#
#.......##.#
#####.....# ...##.#.#
## #.........# !. .####
#.###...... . ##
#.###...... #.#......[.
##....#.....


You could see Grinder.

Vanquished Creatures
  A worm (D:2)
  3 dart slugs
  An orc (D:3)
  4 ball pythons
  2 endoplasms (D:1)
  4 giant cockroaches
  A hobgoblin (D:2)
  A quokka (D:1)
  3 bats
  A frilled lizard (D:1)
  4 kobolds
25 creatures vanquished.

Notes
Turn   | Place    | Note
-------+----------+-------------------------------------------
     0 | D:1      | Boytjie the Hill Orc Fighter began the quest for the Orb.
     0 | D:1      | Reached XP level 1. HP: 19/19 MP: 1/1
   544 | D:1      | Reached XP level 2. HP: 27/27 MP: 2/2
  1592 | D:2      | Found a shimmering altar of Xom.
  2005 | D:2      | Reached XP level 3. HP: 30/33 MP: 3/3
  2618 | D:3      | Noticed Grinder
  2626 | D:3      | Paralysed by Grinder for 4 turns
  2633 | D:3      | Paralysed by Grinder for 7 turns
  2635 | D:3      | Slain by Grinder

Illustrated notes

Levels and vault maps discovered:
D:1:      kilobyte_arrival_exit_the_forest, layout_basic, minmay_misc_feat_cross
D:2:      layout_basic, basic_altar
D:3:      layout_loops_cross, dreamdust_ecumenical_altar_hidden_monk_grotto,
          uniq_jessica, uniq_grinder

Skill      XL: |  1  2  3 |
---------------+----------+-----
Fighting       | 4 |  4.0
Shields        | 4 |  4.0
Axes           | 3 |  3.0
Armour         | |  3.7

Action                   || total
-------------------------++-------
Melee: War axe           ||    79
Armor: Scale mail        ||    28
Dodge: Dodged            ||    22
Block: Kite shield       ||    48
